 Dungeon Crawl Stone Soup version 0.19.5 (webtiles) character file.

14795 wolfsongas the Basher (level 11, -12/102 HPs)
             Began as a Minotaur Fighter on May 5, 2017.
             Was an Elder of Makhleb.
             Mangled by a death yak (16 damage)
             ... on level 2 of the Lair of Beasts.
             The game lasted 00:45:12 (10286 turns).

wolfsongas the Basher (Minotaur Fighter)           Turns: 10286, Time: 00:45:12

Health: -12/102    AC: 28    Str: 26    XL:     11   Next: 93%
Magic:  11/11      EV: 11    Int:  5    God:    Makhleb [****..]
Gold:   644        SH:  0    Dex: 12    Spells: 1 memorised, 8 levels left

rFire  . . .     SeeInvis .     m - +1 mace (crush)
rCold  . . .     Gourm    .     b - +2 plate armour
rNeg   . . .     Faith    +     (no shield)
rPois  +         Spirit   .     d - +1 hat
rElec  .         Reflect  .     u - +2 cloak {rPois}
rCorr  .         Harm     .     s - +0 pair of gloves
MR     .....                    c - +0 pair of boots
Stlth  ..........               D - amulet of faith
                                C - +4 ring of strength
                                k - ring of poison resistance

@: no status effects
A: retaliatory headbutt, horns 2, icy blue scales 1, molten scales 1, blink,
blurry vision 1
a: Blink, Minor Destruction, Lesser Servant of Makhleb, Major Destruction,
Renounce Religion


You were on level 2 of the Lair of Beasts.
You worshipped Makhleb.
Makhleb was greatly pleased with you.
You were full.

You visited 2 branches of the dungeon, and saw 12 of its levels.

You collected 644 gold pieces.

Inventory:

Hand Weapons
 i - a +0 great sword of electrocution
 m - a +1 mace of crushing (weapon)
Armour
 b - a +2 plate armour (worn)
 c - a +0 pair of boots (worn)
 d - a +1 hat (worn)
 g - a +2 large shield
 p - the +0 ring mail "Cannafy" {-Cast rF+++ Str-2 Dex+2}
   (You found it on level 8 of the Dungeon)

   It affects your strength (-2).
   It affects your dexterity (+2).
   It renders you almost immune to fire.
   It prevents spellcasting.
 s - a +0 pair of gloves (worn)
 u - a +2 cloak of poison resistance (worn)
Jewellery
 k - a ring of poison resistance (left hand)
 w - an uncursed ring of protection from magic
 y - an uncursed amulet of guardian spirit
 C - a +4 ring of strength (right hand)
 D - an amulet of faith (around neck)
Wands
 a - a wand of iceblast (8/15)
 e - a wand of digging (18/24)
 f - a wand of digging (9/24)
 h - a wand of disintegration (10/24)
 t - a wand of acid (10/15)
Scrolls
 n - a scroll of blinking
 o - 3 scrolls of teleportation
 r - 5 scrolls of remove curse
Potions
 v - a potion of flight
 x - 4 potions of brilliance
Comestibles
 j - 5 fruits
 q - 3 beef jerkies
 z - 6 meat rations
 F - 2 bread rations


   Skills:
 * Level 11.3 Fighting
 * Level 13.0 Maces & Flails
 * Level 11.8 Armour
 * Level 8.1 Dodging
 - Level 7.2 Shields
 + Level 1.4 Invocations


You had 8 spell levels left.
You knew the following spells:

 Your Spells              Type           Power        Failure   Level  Hunger
a - Blink                 Tloc           N/A          100%        2    ###....


Dungeon Overview and Level Annotations

Branches:
Dungeon (8/15)             Temple (0/1) D:6            Lair (4/6) D:8
  Snake (0/4) Lair:2
  Swamp: Lair:2-4    Shoals: Lair:2-4

Altars:
Cheibriados
Dithmenos
Fedhas
Makhleb
Qazlal
Sif Muna
Trog
Vehumet
Yredelemnul
Zin

Shops:
D:4 %


Innate Abilities, Weirdness & Mutations

You reflexively headbutt those who attack you in melee.
You have a pair of horns on your head.
You are partially covered in icy blue scales. (AC +2)
You are partially covered in molten scales. (AC +2)
You can translocate small distances at will.
Scrolls take you a little longer to read.


Message History

The death yak is heavily wounded.
The death yak gores you!!
* * * LOW HITPOINT WARNING * * *
The death yak gores you but does no damage.
You barely miss the death yak. You headbutt the death yak!
The death yak is heavily wounded.
The death yak gores you but does no damage.
The death yak gores you!
* * * LOW HITPOINT WARNING * * *
The death yak closely misses you.
You sock the death yak!
You headbutt the death yak, but do no damage.
The death yak is severely wounded.
The death yak barely misses you. The death yak gores you.
* * * LOW HITPOINT WARNING * * *
Unknown command.
Magic restored.
The death yak gores you but does no damage.
The death yak gores you!
You die...

### ### ####.# ### #### #.####
#####.##.####P###.P#####..##.
#..........Y@................
##.........YY................
#....†..............(.......
#...........................
##...........................
#P..........................#
##..........................#
##..........................P
##...........P.#.####........#


You could see 3 death yaks.

Vanquished Creatures
  Gastronok (D:8)
  A hydra (Lair:2)
  2 death yaks (Lair:3)
  A hill giant (D:7)
  Pikel (D:6)
  An elephant (Lair:2)
  3 black mambas
  2 spiny frogs
  Psyche (D:8)
  A polar bear (Lair:3)
  A hornet (D:8)
  Prince Ribbit (D:6)
  6 blink frogs (Lair:2)
  2 hippogriffs
  A spriggan (D:7)
  3 wyverns
  Sigmund (D:6)
  A hungry ghost (D:8)
  A yak (Lair:2)
  Menkaure (D:4)
  10 water moccasins
  2 hell hounds (D:8)
  3 porcupines
  Duvessa (D:6)
  4 sky beasts
  An ice beast (D:6)
  2 ogres
  A wolf (Lair:2)
  The ghost of errol the Slasher, an amateur HEMo (D:3)
  4 crocodiles
  A big kobold (D:7)
  7 bullfrogs
  Dowan (D:6)
  3 scorpions
  2 howler monkeys (D:7)
  3 crimson imps
  3 bullfrog zombies
  2 centaur zombies (D:6)
  7 orc wizards
  8 hounds
  A jelly (D:8)
  A centaur skeleton (D:6)
  7 orc priests
  Crazy Yiuf (D:3)
  2 gnoll shamans
  Natasha (D:4)
  3 iguanas
  7 worker ants
  A hound skeleton (D:5)
  Robin (D:3)
  A worker ant zombie (D:6)
  8 gnolls
  5 adders
  4 shadow imps
  2 oozes
  An adder zombie (D:7)
  3 adder skeletons (D:4)
  3 worms
  A dart slug (D:1)
  6 leopard geckos
  28 orcs
  6 giant cockroaches
  15 goblins
  9 hobgoblins
  4 jackals
  3 quokkas
  3 ball pythons (Lair:2)
  A ball python skeleton (D:4)
  5 bats
  3 frilled lizards
  12 kobolds
  A quokka skeleton (D:4)
  18 rats
  5 fungi
270 creatures vanquished.

Vanquished Creatures (others)
  An orc (D:6)
  A fungus (Lair:3)
  3 plants
5 creatures vanquished.

Grand Total: 275 creatures vanquished

Notes
Turn   | Place    | Note
-------+----------+-------------------------------------------
     0 | D:1      | wolfsongas the Minotaur Fighter began the quest for the Orb.
     0 | D:1      | Reached XP level 1. HP: 19/19 MP: 0/0
    30 | D:1      | Reached skill level 3 in Maces & Flails
    84 | D:1      | Reached XP level 2. HP: 26/26 MP: 1/1
   258 | D:1      | Reached skill level 4 in Maces & Flails
   598 | D:2      | Reached XP level 3. HP: 31/31 MP: 2/2
   941 | D:2      | Found a burning altar of Makhleb.
   941 | D:2      | Found a radiant altar of Vehumet.
   947 | D:2      | Became a worshipper of Makhleb the Destroyer
  1037 | D:2      | Reached skill level 5 in Maces & Flails
  1443 | D:3      | Noticed errol's ghost (amateur HEMo)
  1458 | D:3      | Killed errol's ghost
  1458 | D:3      | Reached skill level 6 in Maces & Flails
  1458 | D:3      | Reached XP level 4. HP: 28/39 MP: 3/3
  1460 | D:3      | Reached XP level 5. HP: 33/45 MP: 4/4
  1707 | D:3      | Noticed Robin
  1716 | D:3      | Reached * piety under Makhleb
  1717 | D:3      | Killed Robin
  1717 | D:3      | Reached skill level 7 in Maces & Flails
  2042 | D:3      | Found a runed door.
  2046 | D:3      | Noticed Crazy Yiuf
  2054 | D:3      | Killed Crazy Yiuf
  2601 | D:4      | Found a shadowy altar of Dithmenos.
  2603 | D:4      | Reached XP level 6. HP: 50/52 MP: 5/5
  2694 | D:4      | Found Unta's Food Boutique.
  2745 | D:4      | Gained mutation: You occasionally shout uncontrollably at your foes. [potion of mutation]
  2745 | D:4      | Gained mutation: Your muscles are strong. (Str +2) [potion of mutation]
  2754 | D:4      | Found a blossoming altar of Fedhas.
  2762 | D:4      | Found a stormy altar of Qazlal.
  2778 | D:4      | Noticed Menkaure
  2780 | D:4      | Killed Menkaure
  2823 | D:4      | Reached skill level 5 in Fighting
  2823 | D:4      | Reached XP level 7. HP: 56/61 MP: 6/6
  3021 | D:4      | Reached ** piety under Makhleb
  3026 | D:4      | Reached skill level 8 in Maces & Flails
  3376 | D:4      | Noticed Natasha
  3380 | D:4      | Killed Natasha
  3539 | D:5      | Entered Level 5 of the Dungeon
  3640 | D:5      | Reached skill level 5 in Armour
  3894 | D:5      | Identified a +0 rod of inaccuracy (9/9) (You found it on level 5 of the Dungeon)
  3975 | D:5      | Found a snail-covered altar of Cheibriados.
  4353 | D:6      | Reached skill level 5 in Shields
  4379 | D:6      | Found a staircase to the Ecumenical Temple.
  4397 | D:6      | Learned a level 2 spell: Blink
  4400 | D:6      | Noticed Prince Ribbit
  4409 | D:6      | Reached XP level 8. HP: 34/71 MP: 7/7
  4619 | D:6      | Gained mutation: You can translocate small distances at will. [mutagenic meat]
  4620 | D:6      | Gained mutation: Your body sometimes deteriorates upon taking damage. [mutagenic meat]
  4622 | D:6      | Gained mutation: Scrolls take you a little longer to read. [mutagenic meat]
  4781 | D:6      | Reached skill level 9 in Maces & Flails
  4919 | D:6      | Killed Prince Ribbit
  5084 | D:6      | Noticed Dowan
  5084 | D:6      | Noticed Duvessa
  5094 | D:6      | Killed Duvessa
  5097 | D:6      | Killed Dowan
  5299 | D:6      | Reached *** piety under Makhleb
  5342 | D:6      | Noticed Pikel
  5349 | D:6      | Killed Pikel
  5349 | D:6      | Reached skill level 10 in Maces & Flails
  5349 | D:6      | Reached XP level 9. HP: 81/81 MP: 8/8
  5377 | D:6      | Noticed Sigmund
  5394 | D:6      | Killed Sigmund
  5779 | D:7      | Gained mutation: You are partially covered in icy blue scales. (AC +2) [potion of mutation]
  5779 | D:7      | Gained mutation: You are partially covered in molten scales. (AC +2) [potion of mutation]
  5941 | D:7      | Noticed a hill giant
  5948 | D:7      | Killed a hill giant
  5948 | D:7      | Reached skill level 11 in Maces & Flails
  5948 | D:7      | Reached skill level 1 in Dodging
  6176 | D:7      | Reached XP level 10. HP: 87/91 MP: 9/9
  6463 | D:7      | Lost mutation: Your body sometimes deteriorates upon taking damage. [potion of cure mutation]
  6463 | D:7      | Lost mutation: You occasionally shout uncontrollably at your foes. [potion of cure mutation]
  6463 | D:7      | Lost mutation: Your muscles are strong. (Str +2) [potion of cure mutation]
  6506 | D:8      | Reached **** piety under Makhleb
  6615 | D:8      | Got a shimmering ring mail
  6626 | D:8      | Identified the +0 ring mail "Cannafy" {-Cast rF+++ Str-2 Dex+2} (You found it on level 8 of the Dungeon)
  6757 | D:8      | Noticed Gastronok
  6786 | D:8      | Killed Gastronok
  6786 | D:8      | Reached skill level 10 in Armour
  6809 | D:8      | Found a staircase to the Lair.
  7117 | D:8      | Reached skill level 10 in Fighting
  7229 | D:8      | Noticed a moth of wrath
  7232 | D:8      | Found a bloodstained altar of Trog.
  7546 | D:8      | Found a faded altar of an unknown god.
  7546 | D:8      | Found a deep blue altar of Sif Muna.
  7557 | D:8      | Found a glowing silver altar of Zin.
  7560 | D:8      | Found a basalt altar of Yredelemnul.
  7562 | D:8      | Found a snail-covered altar of Cheibriados.
  7643 | D:8      | Noticed Psyche
  7650 | D:8      | Paralysed by Psyche for 2 turns
  7672 | D:8      | Killed Psyche
  8221 | Lair:1   | Entered Level 1 of the Lair of Beasts
  8221 | Lair:1   | Noticed a spiny frog
  8225 | Lair:1   | Killed a spiny frog
  8225 | Lair:1   | Reached skill level 5 in Dodging
  8265 | Lair:1   | Reached skill level 12 in Maces & Flails
  8279 | Lair:1   | Reached XP level 11. HP: 99/99 MP: 10/10
  8916 | Lair:2   | Found a staircase to the Snake Pit.
  9407 | Lair:2   | Noticed a six-headed hydra
  9419 | Lair:2   | Killed a six-headed hydra
  9845 | Lair:3   | Reached skill level 1 in Invocations
  9893 | Lair:3   | Noticed a death yak
  9894 | Lair:3   | Noticed a death yak
  9895 | Lair:3   | Noticed a death yak
  9896 | Lair:3   | Noticed a death yak
  9897 | Lair:3   | Noticed a death yak
  9898 | Lair:3   | Noticed a death yak
  9906 | Lair:3   | Killed a death yak
 10277 | Lair:3   | Killed a death yak
 10277 | Lair:3   | Reached skill level 13 in Maces & Flails
 10285 | Lair:2   | HP: 3/102 [death yak (4)]
 10286 | Lair:2   | Mangled by a death yak

Skill      XL: |  1  2  3  4  5  6  7  8  9 10 11 |
---------------+----------------------------------+-----
Maces & Flails | 3 4 6 7 8 10 11 12 13 | 13.0
Fighting       | 5 6 7 9 10 11 | 11.3
Armour         | 4 5 6 8 10 11 | 11.8
Shields        | 4 5 6 7 |  7.2
Dodging        | 2 5 8 |  8.1
Invocations    | 1 |  1.4

Action                   |  1- 3 |  4- 6 |  7- 9 | 10-12 || total
-------------------------+-------+-------+-------+-------++-------
Melee: Flail             |   123 |   111 |    81 |       ||   315
       Headbutt          |    22 |    24 |    69 |    90 ||   205
       Mace              |       |       |   221 |   384 ||   605
Invok: Minor Destruction |       |       |     1 |       ||     1
  Use: Scroll            |     7 |     2 |     6 |     9 ||    24
       Potion            |     4 |     6 |     3 |     4 ||    17
  Eat: Meat ration       |     1 |       |       |       ||     1
       Bread ration      |       |     1 |     2 |     4 ||     7
       Fruit             |       |     1 |       |       ||     1
       Chunk             |       |       |     4 |       ||     4
       Beef jerky        |       |       |     2 |       ||     2
       Royal jelly       |       |       |       |     3 ||     3
       Pizza             |       |       |       |     1 ||     1
Armor: Scale mail        |    54 |    52 |    61 |       ||   167
       Plate armour      |       |       |   133 |   305 ||   438
       Chain mail        |       |       |     3 |       ||     3
       Ring mail         |       |       |       |     4 ||     4
Dodge: Dodged            |    24 |    50 |    93 |   228 ||   395
Block: Shield            |    12 |       |       |       ||    12
       Large shield      |    41 |       |       |     7 ||    48
